 Dungeon Crawl Stone Soup version 0.28-a0-664-gc179e30c89 (webtiles) character file.

Game seed: 13521117105612459104

6076 flotson the Skirmisher (level 10, -2/79 HPs)
             Began as a Demonspawn Delver on Oct 15, 2021.
             Was an Initiate of Gozag.
             Slain by a komodo dragon (10 damage)
             ... on level 8 of the Dungeon.
             The game lasted 00:30:39 (11927 turns).

flotson the Skirmisher (Demonspawn Delver)         Turns: 11927, Time: 00:30:39

Health: -2/79      AC:  8    Str: 22    XL:     10   Next: 57%
Magic:  6/17       EV: 13    Int: 12    God:    Gozag
Gold:   2207       SH: 10    Dex: 18    Spells: 7/18 levels left

rFire   + . .      SeeInvis .   a - +0 morningstar
rCold   . . .      Faith    .   A - +0 kite shield "Jyrphe" {Str+6}
rNeg    . . .      Spirit   .   D - +1 leather armour {rF+}
rPois   .          Reflect  .   (no helmet)
rElec   +          Harm     +   I - scarf {shadows}
rCorr   .          Rampage  .   F - +1 pair of gloves of the Gardener {Harm rElec}
Will    .....                   j - +0 pair of boots
Stlth   +++++.....              y - amulet of regeneration
HPRegen 1.23/turn               (no ring)
MPRegen 0.15/turn               (no ring)

@: very slightly contaminated
A: thin skeletal structure 2, powered by death 1, demonic magic 2, weakness
stinger 2
a: Renounce Religion, Potion Petition, Call Merchant, Bribe Branch


You were on level 8 of the Dungeon.
You worshipped Gozag.
Gozag was most pleased with you.
You visited 3 branches of the dungeon, and saw 12 of its levels.

You collected 2277 gold pieces.
You paid 70 gold pieces to Gozag.

Inventory:

Hand Weapons
 a - a +0 morningstar (weapon)
 b - a +0 trident
 l - a +0 hand axe
Missiles
 i - 51 poisoned darts
 r - 9 boomerangs
 u - 7 curare-tipped darts
 C - 7 javelins (quivered)
Armour
 j - a +0 pair of boots (worn)
 A - the +0 kite shield "Jyrphe" (worn) {Str+6}
   (You found it on level 6 of the Dungeon)

   Str:       It affects your strength (+6).
 D - a +1 leather armour of fire resistance (worn)
 F - the +1 pair of gloves of the Gardener (worn) {Harm rElec}
   (You found it on level 8 of the Dungeon)

   rElec:     It insulates you from electricity.
   Harm:      It increases damage dealt and taken.
 I - a scarf of shadows (worn)
Jewellery
 f - an amulet of guardian spirit
 t - an amulet of magic regeneration
 y - an amulet of regeneration (around neck)
Wands
 g - a wand of digging (2)
 h - a wand of iceblast (39)
 k - a wand of flame (39)
 v - a wand of polymorph (9)
Scrolls
 c - a scroll of fog
 d - a scroll of blinking {unknown}
 q - 2 scrolls of immolation
 s - a scroll of noise {unknown}
 x - 3 scrolls of torment
 z - 3 scrolls of magic mapping
 B - a scroll of enchant armour {unknown}
Potions
 m - 3 potions of flight
 n - a potion of mutation
 o - 2 potions of ambrosia {unknown}
 p - 2 potions of attraction
 H - a potion of might {unknown}


   Skills:
 + Level 7.2 Fighting
 + Level 4.3 Axes
 - Level 3.5 Throwing
 + Level 5.9 Armour
 + Level 6.2 Dodging
 - Level 4.5 Stealth
 + Level 4.7 Shields
 + Level 4.6 Spellcasting
 + Level 5.1 Summonings
 - Level 2.1 Evocations


You had 7 spell levels left.
You knew the following spells:

 Your Spells              Type           Power      Damage    Failure   Level
a - Summon Small Mammal   Summ           60%        N/A       11%         1
b - Call Canine Familiar  Summ           15%        N/A       32%         3
c - Summon Guardian Gole  Hex/Summ       8%         N/A       67%         3
d - Summon Lightning Spi  Summ/Air       8%         N/A       97%         4

Your spell library contained the following spells:

 Spells                   Type           Power      Damage    Failure   Level
 Ensorcelled Hibernation  Hex/Ice        4%         N/A       80%         2
 Gell's Gravitas          Tloc           1%         N/A       95%         3
 Lesser Beckoning         Tloc           2%         N/A       95%         3
 Spider Form              Tmut/Pois      1%         N/A       95%         3
 Teleport Other           Tloc           2%         N/A       95%         3
 Storm Form               Tmut/Air       1%         N/A       100%        7
 Maxwell's Capacitive Co  Air            1%         ∞         100%        8


Dungeon Overview and Level Annotations

Branches:
Dungeon (10/15)            Temple (1/1) D:4            Lair (1/6) D:8
    Orc: D:9-12

Altars:
Ashenzari
Cheibriados
Dithmenos
Elyvilon
Fedhas
Gozag
Hepliaklqana
Kikubaaqudgha
Makhleb
Nemelex Xobeh
Okawaru
Qazlal
Ru
Sif Muna
Trog
Uskayaw
Vehumet
Wu Jian
Xom
Yredelemnul
Zin
The Shining One

Annotations:
D:3 2 runed translucent doors, DarkMailMan's ghost, amateur DjTm
D:10 Fannar


Innate Abilities, Weirdness & Mutations

You have a moderately thin skeletal structure. (Dex +4, Stealth++)
You regenerate a little health from kills.
Spells you cast may paralyse nearby enemies.
You have a tail ending in a sharp stinger.


Message History

* * * LOW HITPOINT WARNING * * *
Okay, then.
Okay, then.
Unknown command.
Casting: Summon Small Mammal (safe; 11% risk of failure)
Confirm with . or Enter, or press ? or * to list all spells.
Malevolent energies surge around you.
Your rat disappears in a puff of smoke!
Your rat bites the komodo dragon but does no damage.
The komodo dragon barely misses you.
Casting: Summon Small Mammal (safe; 11% risk of failure)
Confirm with . or Enter, or press ? or * to list all spells.
Malevolent energies surge around you.
Your rat disappears in a puff of smoke!
Your rat closely misses the komodo dragon.
You block the komodo dragon's attack.
Casting: Summon Small Mammal (safe; 11% risk of failure)
Confirm with . or Enter, or press ? or * to list all spells.
Malevolent energies surge around you.
Your rat disappears in a puff of smoke!
Your bat hits the komodo dragon but does no damage. x2
The komodo dragon barely misses your bat.
You hit the komodo dragon but do no damage.
The komodo dragon is heavily wounded.
Your bat hits the komodo dragon but does no damage.
Your bat barely misses the komodo dragon.
Your bat hits the komodo dragon but does no damage. x3
Your bat barely misses the komodo dragon.
The komodo dragon misses you.
Your bat hits the komodo dragon but does no damage.
Casting: Summon Small Mammal (safe; 11% risk of failure)
Confirm with . or Enter, or press ? or * to list all spells.
You miscast Summon Small Mammal.
You are very lightly contaminated with residual magic.
Nothing appears to happen.
Your bat barely misses the komodo dragon.
Your bat hits the komodo dragon but does no damage. x4
The komodo dragon bites you!
You die...
Your body crumbles into a pile of gold.

..# ##...## #.# ###
#..<..# #.# #)....#
#.# ### #.....# #.#
##.###....## #.#
##.#.##.#### #.#
#.###...# #.#
##.#.#### ### #.#
#.....# #@# #.#
#.###.########l###.#
#.# #........bb....#
#.###.############.###
#.....# #....# #.#.###
##### ##.#.# #.#.##
##...## #.#.#
#....###..#..# #.#.#
###......###.# #.#.#


You could see a komodo dragon (ally target) and 2 friendly bats.

Vanquished Creatures
  An ugly thing (D:8)
  Joseph (D:7)
  2 cane toads
  Sigmund (D:6)
  A shadow (D:8)
  A wyvern (D:9)
  2 yaks (D:8)
  2 water moccasins
  An orc warrior (D:6)
  A black bear (D:5)
  A necrophage (D:6)
  2 centaurs (D:7)
  2 ogres
  A phantom (D:6)
  A kobold brigand (D:8)
  2 gnoll sergeants
  3 bullfrogs
  4 scorpions
  31 killer bees
  2 centaur zombies
  5 orc priests
  A jelly (Lair:1)
  A gnoll shaman (D:9)
  A centaur skeleton (D:5)
  2 hounds (D:5)
  A scorpion zombie (D:5)
  Terence (D:2)
  7 orc wizards
  Natasha (D:4)
  A killer bee zombie (D:7)
  11 gnolls
  A howler monkey zombie (D:9)
  7 adders
  3 howler monkey skeletons
  A white imp (D:6)
  An ufetubus (D:5)
  4 worms
  3 dart slugs
  20 orcs
  3 bats
  6 endoplasms
  5 giant cockroaches
  5 goblins
  9 hobgoblins
  8 kobolds
  4 quokkas
  7 ball pythons
  4 frilled lizards
  6 rats
  A spectral orc (D:8)
192 creatures vanquished.

Vanquished Creatures (collateral kills)
  A yak (D:9)
  2 killer bees (D:9)
  An orc wizard (D:9)
  An adder (D:3)
  An orc (D:9)
6 creatures vanquished.

Vanquished Creatures (others)
  11 plants (Lair:1)
11 creatures vanquished.

Grand Total: 209 creatures vanquished

Notes
Turn   | Place    | Note
-------+----------+-------------------------------------------
     0 | D:5      | flotson the Demonspawn Delver began the quest for the Orb.
     0 | D:5      | Reached XP level 1. HP: 18/18 MP: 1/1
    10 | D:5      | Noticed an orc priest
    26 | D:5      | Noticed an orc wizard
    66 | D:4      | Gained mutation: You have a somewhat thin skeletal
                  | structure. (Dex +2, Stealth+) [demonic ancestry]
    66 | D:4      | Reached XP level 2. HP: 14/24 MP: 2/2
   309 | D:4      | Noticed a scorpion
   335 | D:4      | Reached skill level 1 in Armour
   535 | D:3      | Found a runed translucent door.
   566 | D:3      | Noticed DarkMailMan's ghost (amateur DjTm)
   732 | D:2      | Gained mutation: You regenerate a little health from kills.
                  | [demonic ancestry]
   732 | D:2      | Reached XP level 3. HP: 29/29 MP: 3/3
   882 | D:1      | Found a faded altar of an unknown god.
  1608 | D:2      | Noticed Terence
  1626 | D:2      | Killed Terence
  1627 | D:2      | Gained mutation: Spells you cast may paralyse adjacent
                  | enemies. [demonic ancestry]
  1627 | D:2      | Reached XP level 4. HP: 37/37 MP: 4/4
  1882 | D:2      | Reached skill level 1 in Throwing
  2526 | D:3      | Found a blossoming altar of Fedhas.
  2573 | D:3      | Found a runed translucent door.
  2574 | D:3      | Noticed Natasha
  2606 | D:3      | Reached XP level 5. HP: 20/42 MP: 5/5
  2738 | D:3      | Reached skill level 4 in Fighting
  3189 | D:4      | Found a staircase to the Ecumenical Temple.
  3198 | Temple   | Entered the Ecumenical Temple
  3237 | Temple   | Became a worshipper of Gozag Ym Sagoz the Greedy
  3561 | D:4      | Gained mutation: You have a small tail. [demonic ancestry]
  3561 | D:4      | Reached XP level 6. HP: 13/49 MP: 6/6
  4278 | D:4      | Killed Natasha
  5140 | D:5      | Gained mutation: You have a tail ending in a sharp stinger.
                  | [demonic ancestry]
  5140 | D:5      | Reached XP level 7. HP: 46/55 MP: 7/7
  5239 | D:5      | Learned a level 1 spell: Summon Small Mammal
  5353 | D:5      | Identified a scroll of acquirement
  5354 | D:5      | Acquired 817 gold pieces
  5726 | D:5      | Reached skill level 5 in Fighting
  5726 | D:5      | Reached skill level 1 in Shields
  5726 | D:5      | Reached skill level 1 in Summonings
  5726 | D:5      | Reached skill level 1 in Evocations
  5780 | D:5      | Found a stormy altar of Qazlal.
  5807 | D:5      | Reached skill level 1 in Spellcasting
  6274 | D:6      | Noticed Sigmund
  6375 | D:6      | You fall into a shaft and drop 3 floors!
  6618 | D:9      | Noticed a yak
  6687 | D:9      | Noticed a yak
  6689 | D:9      | Noticed a yak
  6874 | D:9      | Gained mutation: You have a moderately thin skeletal
                  | structure. (Dex +4, Stealth++) [demonic ancestry]
  6874 | D:9      | Reached XP level 8. HP: 20/62 MP: 4/10
  7287 | D:7      | Noticed Joseph
  7470 | D:6      | Killed Sigmund
  8158 | D:6      | Identified the +0 kite shield "Jyrphe" {Str+6}
  8728 | D:6      | Reached XP level 9. HP: 16/69 MP: 13/13
  8896 | D:7      | Found a snail-covered altar of Cheibriados.
  8901 | D:7      | Learned a level 3 spell: Call Canine Familiar
  8905 | D:7      | Learned a level 3 spell: Summon Guardian Golem
  8910 | D:7      | Learned a level 4 spell: Summon Lightning Spire
  8921 | D:7      | Reached skill level 5 in Dodging
  8993 | D:7      | Reached skill level 6 in Fighting
  9041 | D:7      | Killed Joseph
  9470 | D:8      | Identified the +1 pair of gloves of the Gardener {Harm
                  | rElec}
  9502 | D:8      | Reached skill level 5 in Armour
  9561 | D:8      | Found a hide-covered altar of Uskayaw.
  9569 | D:8      | Found a shimmering blue altar of Sif Muna.
  9571 | D:8      | Found a hazy altar of Hepliaklqana.
  9687 | D:8      | Found a staircase to the Lair.
  9740 | D:8      | Found an ancient bone altar of Kikubaaqudgha.
  9752 | D:8      | Found a burning altar of Makhleb.
  9938 | D:8      | Noticed a white ugly thing
  9990 | D:8      | Killed a white ugly thing
 10068 | D:8      | Found a basalt altar of Yredelemnul.
 10536 | D:8      | Gained mutation: Spells you cast may paralyse nearby
                  | enemies. [demonic ancestry]
 10536 | D:8      | Reached XP level 10. HP: 50/77 MP: 14/16
 11174 | D:9      | Reached skill level 7 in Fighting
 11579 | D:9      | Noticed an elephant
 11655 | D:10     | Entered Level 10 of the Dungeon
 11677 | D:10     | Noticed Fannar
 11776 | Lair:1   | Entered Level 1 of the Lair of Beasts
 11827 | Lair:1   | Noticed Sonja
 11829 | Lair:1   | Noticed Sonja
 11829 | Lair:1   | Sonja changed into Sonja the jelly
 11834 | Lair:1   | Noticed a cane toad
 11835 | Lair:1   | Killed Sonja the jelly
 11853 | Lair:1   | Killed a cane toad
 11854 | Lair:1   | Reached skill level 5 in Summonings
 11879 | Lair:1   | Noticed a cane toad
 11911 | D:8      | Killed a cane toad
 11922 | D:8      | HP: 1/79 [komodo dragon (32)]
 11927 | D:8      | Slain by a komodo dragon

Illustrated notes

Levels and vault maps discovered:
D:1:      psy_arrival_terrarium, layout_basic, ebering_ecumenical_altar_ruins
D:2:      layout_basic, minmay_between, uniq_terence
D:3:      layout_rooms, mainiacjoe_overflow_concentric_impassable,
          ebering_ghost_sewer_f, uniq_natasha
D:4:      layout_basic, temple_hall
D:5:      layout_rooms, nicolae_qazlal_scattered_showers
D:6:      layout_basic, enter_ossuary_5, uniq_sigmund
D:7:      layout_basic, cheibrodos_worm_habitat, uniq_joseph
D:8:      layout_loops_ring, old_standard_altar,
          yredelemnul_forgotten_temple_becter, minitemple, lair_entry_dummy
D:9:      wad_woods_minihive, layout_basic, kennysheep_path_1
D:10:     layout_gridville, ebering_ghost_rock_garden, minmay_holes,
          uniq_maggie, uniq_fannar, uniq_josephine
Temple:   minmay_temple_bridge_abc
Lair:1:   layout_hall_layers, minivault_19, tgw_fedhas, serial_bayou_shore_a,
          uniq_sonja

Skill      XL: |  1  2  3  4  5  6  7  8  9 10 |
---------------+-------------------------------+-----
Dodging        | 2 3 4 5 6 |  6.2
Armour         | 1 2 3 4 5 |  5.9
Throwing       | 1 2 3 |  3.5
Fighting       | 4 5 6 7 |  7.2
Shields        | 1 2 4 |  4.7
Summonings     | 1 3 4 5 |  5.1
Evocations     | 1 2 |  2.1
Spellcasting   | 1 2 4 |  4.6
Axes           | 2 3 4 |  4.3
Stealth        | |  4.5

Action                   |  1- 3 |  4- 6 |  7- 9 | 10-12 || total
-------------------------+-------+-------+-------+-------++-------
Melee: Hand axe          |   120 |       |       |       ||   120
       Trident           |       |   244 |   130 |       ||   374
       Tailslap          |       |     8 |    56 |    33 ||    97
       Morningstar       |       |       |   216 |   167 ||   383
Throw: Dart              |     5 |    21 |    23 |       ||    49
       Javelin           |       |       |     7 |    16 ||    23
 Cast: Summon Small Mamm |       |       |       |    50 ||    50
Evoke: Wand              |       |     1 |    15 |     2 ||    18
  Use: Scroll            |     2 |     4 |    11 |     3 ||    20
       Potion            |     1 |     4 |     3 |     2 ||    10
 Stab: Sleeping          |    12 |    15 |     7 |     2 ||    36
       Distracted        |       |     1 |     1 |       ||     2
       Paralysed         |       |       |       |    20 ||    20
Armor: Leather armour    |     2 |       |    33 |    79 ||   114
       Ring mail         |    20 |    76 |   109 |       ||   205
       Skin              |       |    21 |       |       ||    21
Dodge: Dodged            |    77 |   131 |   211 |   168 ||   587
Block: Kite shield       |       |     7 |   255 |   183 ||   445

Table legend: (Time is in decaauts)
 A = Elapsed time spent in this place.
 B = Non-inter-level travel time spent in this place.
 C = Inter-level travel time spent in this place.
 D = Time resting spent in this place.
 E = Time spent auto-exploring this place.
 F = Levels seen in this place.
 G = Mean time per level.
                   A        B        C        D        E       F      G
               +--------+--------+--------+--------+--------+-----+--------+
         Total |  12346 |  11842 |    504 |    741 |   7872 |  12 | 1028.8 |
       Dungeon |  12152 |  11669 |    483 |    741 |   7784 |  10 | 1215.2 |
        Temple |     60 |     39 |     21 |      0 |     32 |   1 |   60.0 |
          Lair |    133 |    133 |      0 |      0 |     56 |   1 |  133.0 |
               +--------+--------+--------+--------+--------+-----+--------+

Top non-repeatable levels by time:
     D:4: 2246 daAuts
     D:9: 1773 daAuts
     D:6: 1488 daAuts
     D:8: 1446 daAuts
     D:5: 1245 daAuts
     D:3: 1062 daAuts
     D:7: 1056 daAuts
     D:2: 1034 daAuts
     D:1: 739 daAuts
  Lair:1: 133 daAuts
  Temple: 60 daAuts
    D:10: 58 daAuts
